| TOP OF THE 1ST |
|
Toronto Blue Jays batting - Pitching for Washington Senators : RHP Kevin Millwood
|
|
Pitching: RHP Kevin Millwood
|
|
|
Batting: RHB Derek Jeter
|
0-0: Ball 1-0: Called Strike 1-1: Foul Ball, location: 2F 1-2: Foul Ball, location: 2F 1-2: Ground out 4-3 (Groundball, 4, EV 85.0 MPH)
|
|
Batting: LHB Will Clark
|
0-0: Foul Ball, location: 2F 0-1: Ball 1-1: Ball 2-1: Ball 3-1: Called Strike 3-2: Base on Balls
|
|
Batting: RHB Mark McGwire
|
0-0: Foul Ball, location: 2F 0-1: Ball 1-1: Ball 2-1: Ball 3-1: Base on Balls Will Clark to second
|
|
Batting: RHB Ellis Burks
|
0-0: Fielders Choice at 2nd, 5-4 (Groundball, 56, EV 88.8 MPH) Will Clark to third
|
|
Batting: RHB Jay Bell
|
0-0: Fielders Choice at 2nd, 6-4 (Groundball, 6, EV 81.3 MPH)
|
| Top of the 1st over - 0 runs, 0 hits, 0 errors, 2 left on base; Toronto 0 - Washington 0 |
| BOTTOM OF THE 1ST |
|
Washington Senators batting - Pitching for Toronto Blue Jays : LHP John Smiley
|
|
Pitching: LHP John Smiley
|
|
|
Batting: RHB Alex Rodriguez
|
0-0: SINGLE (Groundball, 34D, EV 106.9 MPH)
|
|
Batting: RHB Albert Belle
|
0-0: Called Strike 0-1: Foul Ball, location: 2F 0-2: Ball 1-2: Foul Ball, location: 2F 1-2: Ball 2-2: Ball 3-2: Base on Balls Alex Rodriguez to second
|
|
Batting: RHB Vladimir Guerrero
|
0-0: Ball 1-0: Ball 2-0: Ground out U3 (Groundball, 34S, EV 70.0 MPH) Alex Rodriguez to third Albert Belle to second
|
|
Batting: RHB Eric Davis
|
0-0: Foul Ball, location: 2F 0-1: Called Strike 0-2: Ball 1-2: Strikes out swinging
|
|
Batting: RHB Marty Cordova
|
0-0: Called Strike 0-1: SINGLE (Line Drive, 9S, EV 103.1 MPH) Alex Rodriguez scores Albert Belle to third Runner from 3rd tries for Home, SAFE, no throw by RF
|
|
Batting: SHB Mickey Tettleton
|
0-0: Ball 1-0: Called Strike 1-1: Ball 2-1: 2-RUN HOME RUN (Flyball, 7D, EV 111.3 MPH), Distance : 391 ft
|
|
Batting: RHB Freddy F Garcia
|
0-0: Called Strike 0-1: Fly out, F7 (Line Drive, 7, EV 96.9 MPH)
|
| Bottom of the 1st over - 4 runs, 3 hits, 0 errors, 0 left on base; Toronto 0 - Washington 4 |
| TOP OF THE 2ND |
|
Toronto Blue Jays batting - Pitching for Washington Senators : RHP Kevin Millwood
|
|
Batting: LHB Lance Johnson
|
0-0: Ball 1-0: Foul Ball, location: 2F 1-1: Foul Ball, location: 2F 1-2: Ball 2-2: SINGLE (Groundball, 34D, EV 94.4 MPH)
|
|
Batting: RHB Dean Palmer
|
0-0: SINGLE (Groundball, 56D, EV 111.3 MPH) Lance Johnson to second
|
|
Batting: RHB Mike Simms
|
0-0: Swinging Strike 0-1: Foul Ball, location: 2F 0-2: Ball 1-2: Strikes out looking
|
|
Batting: LHB Darrin Fletcher
|
0-0: Ball 1-0: Ball 2-0: Foul Ball, location: 2F 2-1: Ground out U3 (Groundball, 34S, EV 63.1 MPH) Lance Johnson to third Dean Palmer to second
|
|
Batting: RHB Derek Jeter
|
0-0: Called Strike 0-1: Called Strike 0-2: Foul Ball, location: 2F 0-2: Ball 1-2: Ball 2-2: Strikes out swinging
|
| Top of the 2nd over - 0 runs, 2 hits, 0 errors, 2 left on base; Toronto 0 - Washington 4 |
| BOTTOM OF THE 2ND |
|
Washington Senators batting - Pitching for Toronto Blue Jays : LHP John Smiley
|
|
Batting: RHB Ernie Young
|
0-0: Ball 1-0: Fly out, F9 (Flyball, 9, EV 73.8 MPH)
|
|
Batting: SHB Ray Durham
|
0-0: Swinging Strike 0-1: Swinging Strike 0-2: Ball 1-2: Strikes out swinging
|
|
Batting: RHB Alex Rodriguez
|
0-0: Called Strike 0-1: Ball 1-1: Swinging Strike 1-2: Ball 2-2: Ball 3-2: SINGLE (Groundball, 4MD, EV 103.8 MPH)
|
|
Batting: RHB Albert Belle
|
0-0: Ball 1-0: Ball Alex Rodriguez steals 2nd base (no throw) 2-0: Ground out U3 (Groundball, 34, EV 103.8 MPH)
|
| Bottom of the 2nd over - 0 runs, 1 hit, 0 errors, 1 left on base; Toronto 0 - Washington 4 |
| TOP OF THE 3RD |
|
Toronto Blue Jays batting - Pitching for Washington Senators : RHP Kevin Millwood
|
|
Batting: LHB Will Clark
|
0-0: Ball 1-0: Foul Ball, location: 2F 1-1: Ball 2-1: Ground out 4-3 (Groundball, 4, EV 82.5 MPH)
|
|
Batting: RHB Mark McGwire
|
0-0: Foul Ball, location: 2F 0-1: Swinging Strike 0-2: Strikes out looking
|
|
Batting: RHB Ellis Burks
|
0-0: Foul Ball, location: 2F 0-1: Ball 1-1: Ball 2-1: Foul Ball, location: 2F 2-2: Foul Ball, location: 2F 2-2: Ball 3-2: Base on Balls
|
|
Batting: RHB Jay Bell
|
0-0: Fly out, F7 (Line Drive, 7D, EV 93.1 MPH)
|
| Top of the 3rd over - 0 runs, 0 hits, 0 errors, 1 left on base; Toronto 0 - Washington 4 |
| BOTTOM OF THE 3RD |
|
Washington Senators batting - Pitching for Toronto Blue Jays : LHP John Smiley
|
|
Batting: RHB Vladimir Guerrero
|
0-0: Ball 1-0: Ball 2-0: Foul Ball, location: 2F 2-1: Foul Ball, location: 2F 2-2: Foul Ball, location: 2F 2-2: Ball 3-2: Foul Ball, location: 2F 3-2: Fly out, F9 (Line Drive, 9, EV 91.9 MPH)
|
|
Batting: RHB Eric Davis
|
0-0: Called Strike 0-1: Called Strike 0-2: Foul Ball, location: 2F 0-2: Foul Ball, location: 2F 0-2: Ball 1-2: Ball 2-2: Ball 3-2: Ground out 6-3 (Groundball, 6S, EV 61.9 MPH)
|
|
Batting: RHB Marty Cordova
|
0-0: Ball 1-0: Foul Ball, location: 2F 1-1: Foul Ball, location: 2F 1-2: SOLO HOME RUN (Flyball, 78XD, EV 101.3 MPH), Distance : 398 ft
|
|
Batting: SHB Mickey Tettleton
|
0-0: Ball 1-0: SOLO HOME RUN (Flyball, 9D, EV 93.1 MPH), Distance : 377 ft
|
|
Batting: RHB Freddy F Garcia
|
0-0: Called Strike 0-1: Foul Ball, location: 2F 0-2: Ball 1-2: Ball 2-2: Ball 3-2: Strikes out swinging
|
| Bottom of the 3rd over - 2 runs, 2 hits, 0 errors, 0 left on base; Toronto 0 - Washington 6 |
| TOP OF THE 4TH |
|
Toronto Blue Jays batting - Pitching for Washington Senators : RHP Kevin Millwood
|
|
Batting: LHB Lance Johnson
|
0-0: Ground out 4-3 (Groundball, 4, EV 106.9 MPH)
|
|
Batting: RHB Dean Palmer
|
0-0: Called Strike 0-1: Called Strike 0-2: Strikes out looking
|
|
Batting: RHB Mike Simms
|
0-0: Called Strike 0-1: Ground out 6-3 (Groundball, 6, EV 81.9 MPH)
|
| Top of the 4th over - 0 runs, 0 hits, 0 errors, 0 left on base; Toronto 0 - Washington 6 |
| BOTTOM OF THE 4TH |
|
Washington Senators batting - Pitching for Toronto Blue Jays : LHP John Smiley
|
|
Batting: RHB Ernie Young
|
0-0: Ball 1-0: Swinging Strike 1-1: Hit by Pitch
|
|
Batting: SHB Ray Durham
|
0-0: Ball 1-0: Foul Ball, location: 2F 1-1: Called Strike 1-2: Foul Ball, location: 2F 1-2: Ball 2-2: Grounds into double play, 6-4-3 (Groundball, 6, EV 99.4 MPH)
|
|
Batting: RHB Alex Rodriguez
|
0-0: Called Strike 0-1: Ball 1-1: Foul Ball, location: 2F 1-2: SOLO HOME RUN (Flyball, 7D, EV 96.3 MPH), Distance : 378 ft
|
|
Pitching: RHP Curt Brown
|
|
|
Batting: RHB Albert Belle
|
0-0: Ground out 1-3 (Groundball, P, EV 65.6 MPH)
|
| Bottom of the 4th over - 1 run, 1 hit, 0 errors, 0 left on base; Toronto 0 - Washington 7 |
| TOP OF THE 5TH |
|
Toronto Blue Jays batting - Pitching for Washington Senators : RHP Kevin Millwood
|
|
Batting: LHB Darrin Fletcher
|
0-0: Ball 1-0: Called Strike 1-1: Called Strike 1-2: Ball 2-2: Ball 3-2: Foul Ball, location: 2F 3-2: Strikes out looking
|
|
Batting: RHB Derek Jeter
|
0-0: Ball 1-0: Ball 2-0: Foul Ball, location: 2F 2-1: Swinging Strike 2-2: Strikes out swinging
|
|
Batting: LHB Will Clark
|
0-0: Ball 1-0: SOLO HOME RUN (Flyball, 9LD, EV 98.8 MPH), Distance : 354 ft
|
|
Batting: RHB Mark McGwire
|
0-0: Ball 1-0: Called Strike 1-1: Swinging Strike 1-2: Foul Ball, location: 2F 1-2: Fly out, F9 (Flyball, 9LS, EV 73.1 MPH)
|
| Top of the 5th over - 1 run, 1 hit, 0 errors, 0 left on base; Toronto 1 - Washington 7 |
| BOTTOM OF THE 5TH |
|
Washington Senators batting - Pitching for Toronto Blue Jays : RHP Curt Brown
|
|
Batting: RHB Vladimir Guerrero
|
0-0: DOUBLE (Flyball, 8LXD, EV 101.3 MPH)
|
|
Batting: RHB Eric Davis
|
0-0: Ball 1-0: Ball 2-0: Ball 3-0: Base on Balls
|
|
Batting: RHB Marty Cordova
|
0-0: Ball 1-0: Ball 2-0: Fly out, F4 (Line Drive, 4, EV 69.4 MPH)
|
|
Batting: SHB Mickey Tettleton
|
0-0: Ball 1-0: Foul Ball, location: 2F 1-1: Ball 2-1: Ball 3-1: Base on Balls Vladimir Guerrero to third Eric Davis to second
|
|
Batting: RHB Freddy F Garcia
|
0-0: Called Strike 0-1: Ball 1-1: Foul Ball, location: 2F 1-2: Ball 2-2: Ball 3-2: Fly out, F8 (Flyball, 8LM, EV 95.6 MPH) Runner from 3rd tags up, SCORES, throw by CF
|
|
Batting: RHB Ernie Young
|
0-0: Foul Ball, location: 2F 0-1: Ball 1-1: Foul Ball, location: 2F 1-2: Strikes out swinging
|
| Bottom of the 5th over - 1 run, 1 hit, 0 errors, 2 left on base; Toronto 1 - Washington 8 |
| TOP OF THE 6TH |
|
Toronto Blue Jays batting - Pitching for Washington Senators : RHP Kevin Millwood
|
|
Batting: RHB Ellis Burks
|
0-0: Ball 1-0: Foul Ball, location: 2F 1-1: Fly out, F7 (Flyball, 7LS, EV 84.4 MPH)
|
|
Batting: RHB Jay Bell
|
0-0: Hit by Pitch
|
|
Batting: LHB Lance Johnson
|
0-0: Swinging Strike 0-1: Grounds into double play, 6-4-3 (Groundball, 6, EV 80.0 MPH)
|
| Top of the 6th over - 0 runs, 0 hits, 0 errors, 0 left on base; Toronto 1 - Washington 8 |
| BOTTOM OF THE 6TH |
|
Washington Senators batting - Pitching for Toronto Blue Jays : RHP Curt Brown
|
|
Batting: SHB Ray Durham
|
0-0: Ball 1-0: Swinging Strike 1-1: Called Strike 1-2: Foul Ball, location: 2F 1-2: Ball 2-2: Foul Ball, location: 2F 2-2: Fly out, F9 (Flyball, 89M, EV 75.6 MPH)
|
|
Batting: RHB Alex Rodriguez
|
0-0: Called Strike 0-1: Ball 1-1: Swinging Strike 1-2: Ball 2-2: Fly out, F9 (Flyball, 9LM, EV 90.0 MPH)
|
|
Batting: RHB Albert Belle
|
0-0: Ball 1-0: Ball 2-0: Ground out 6-3 (Groundball, 56, EV 95.0 MPH)
|
| Bottom of the 6th over - 0 runs, 0 hits, 0 errors, 0 left on base; Toronto 1 - Washington 8 |
| TOP OF THE 7TH |
|
Toronto Blue Jays batting - Pitching for Washington Senators : RHP Kevin Millwood
|
|
Batting: RHB Dean Palmer
|
0-0: Ball 1-0: Ball 2-0: Ball 3-0: Swinging Strike 3-1: Foul Ball, location: 2F 3-2: Strikes out swinging
|
|
Batting: RHB Mike Simms
|
0-0: Reached on error, E5 (Groundball, 5, EV 98.8 MPH)
|
|
Batting: LHB Darrin Fletcher
|
0-0: Called Strike 0-1: Grounds into double play, 6-4-3 (Groundball, 6, EV 102.5 MPH)
|
| Top of the 7th over - 0 runs, 0 hits, 1 error, 0 left on base; Toronto 1 - Washington 8 |
| BOTTOM OF THE 7TH |
|
Washington Senators batting - Pitching for Toronto Blue Jays : RHP Curt Brown
|
|
Pitching: RHP Frank Wills
|
|
|
Batting: RHB Vladimir Guerrero
|
0-0: Swinging Strike 0-1: Swinging Strike 0-2: Strikes out looking
|
|
Batting: RHB Eric Davis
|
0-0: Ball 1-0: Foul Ball, location: 2F 1-1: SINGLE (Groundball, 6MD, EV 96.9 MPH)
|
|
Batting: RHB Marty Cordova
|
0-0: Ball 1-0: Called Strike 1-1: Ball 2-1: Ball Wild Pitch! Eric Davis to second 3-1: Ground out 5-3 (Groundball, 56, EV 88.1 MPH)
|
|
Batting: SHB Mickey Tettleton
|
0-0: Ball 1-0: Ball 2-0: Called Strike 2-1: Foul Ball, location: 2F 2-2: Ball 3-2: Base on Balls
|
|
Batting: RHB Freddy F Garcia
|
0-0: Ball 1-0: Foul Ball, location: 2F 1-1: Ball 2-1: Ball 3-1: SINGLE (Line Drive, 4MD, EV 106.9 MPH) Eric Davis to third Mickey Tettleton to second Runner from 3rd tries for Home, SAFE, throw by CF to home
|
|
Batting: RHB Ernie Young
|
0-0: Swinging Strike 0-1: Ball 1-1: Foul Ball, location: 2F 1-2: Strikes out swinging
|
| Bottom of the 7th over - 1 run, 2 hits, 0 errors, 2 left on base; Toronto 1 - Washington 9 |
| TOP OF THE 8TH |
|
Toronto Blue Jays batting - Pitching for Washington Senators : RHP Kevin Millwood
|
|
Batting: RHB Derek Jeter
|
0-0: Called Strike 0-1: Swinging Strike 0-2: Fly out, F8 (Flyball, 8LXD, EV 86.3 MPH)
|
|
Batting: LHB Will Clark
|
0-0: Called Strike 0-1: Swinging Strike 0-2: Strikes out swinging
|
|
Batting: RHB Mark McGwire
|
0-0: Foul Ball, location: 2F 0-1: Ball 1-1: Foul Ball, location: 2F 1-2: Ground out 6-3 (Groundball, 6, EV 83.8 MPH)
|
| Top of the 8th over - 0 runs, 0 hits, 0 errors, 0 left on base; Toronto 1 - Washington 9 |
| BOTTOM OF THE 8TH |
|
Washington Senators batting - Pitching for Toronto Blue Jays : RHP Frank Wills
|
|
Batting: SHB Ray Durham
|
0-0: Swinging Strike 0-1: Swinging Strike 0-2: Foul Ball, location: 2F 0-2: Foul Ball, location: 2F 0-2: Ball 1-2: Foul Ball, location: 2F 1-2: Foul Ball, location: 2F 1-2: Strikes out swinging
|
|
Batting: RHB Alex Rodriguez
|
0-0: Called Strike 0-1: Foul Ball, location: 2F 0-2: Ball 1-2: Fly out, F7 (Line Drive, 7, EV 91.3 MPH)
|
|
Batting: RHB Albert Belle
|
0-0: Called Strike 0-1: Ball 1-1: Ball 2-1: Foul Ball, location: 2F 2-2: Fly out, F9 (Flyball, 9D, EV 103.1 MPH)
|
| Bottom of the 8th over - 0 runs, 0 hits, 0 errors, 0 left on base; Toronto 1 - Washington 9 |
| TOP OF THE 9TH |
|
Toronto Blue Jays batting - Pitching for Washington Senators : RHP Kevin Millwood
|
|
Pitching: RHP Troy Percival
|
|
|
Batting: RHB Ellis Burks
|
0-0: Ball 1-0: Foul Ball, location: 2F 1-1: Ball 2-1: Ball 3-1: Ground out 5-3 (Groundball, 56S, EV 70.0 MPH)
|
|
Batting: RHB Jay Bell
|
0-0: Ball 1-0: Foul Ball, location: 2F 1-1: Ball 2-1: Ball 3-1: Base on Balls
|
|
Batting: LHB Lance Johnson
|
0-0: Ball 1-0: Fielders Choice at 2nd, 4-6 (Groundball, 34, EV 90.0 MPH)
|
|
Batting: RHB Dean Palmer
|
0-0: Foul Ball, location: 2F 0-1: Ball 1-1: Called Strike 1-2: Ball 2-2: Ball 3-2: Foul Ball, location: 2F 3-2: Fly out, F7 (Flyball, 8LM, EV 85.6 MPH)
|
| Top of the 9th over - 0 runs, 0 hits, 0 errors, 1 left on base; Toronto 1 - Washington 9 |
|